 Dungeon Crawl Stone Soup version 0.20-a0-984-ge8aa303 (webtiles) character file.

1431 Hybris the Gouger (level 8, -3/36 HPs)
             Began as a Felid Transmuter on Apr 10, 2017.
             Was a Believer of Elyvilon.
             Slain by a basilisk (9 damage)
             ... on level 8 of the Dungeon.
             The game lasted 00:25:56 (11842 turns).

Hybris the Gouger (Felid Transmuter)               Turns: 11842, Time: 00:25:56

Health: -3/36      AC:  2    Str: 10    XL:     8   Next: 45%
Magic:  10/12      EV:  5    Int: 21    God:    Elyvilon [**....]
Gold:   270        SH:  0    Dex: 22    Spells: 1/11 levels left
                                        Lives:  0   Deaths: 2

rFire    . . .     SeeInvis +     - Unarmed
rCold    + . .     Gourm    .   (shield unavailable)
rNeg     + + +     Faith    .   (armour unavailable)
rPois    ∞         Spirit   .   (helmet unavailable)
rElec    .         Reflect  .   (cloak unavailable)
rCorr    .         Harm     .   (gloves unavailable)
MR       +....                  (boots unavailable)
Stlth    +++.......             (no amulet)
Regen    0.2/turn               A - ring of stealth
MPRegen  0.2/turn               w - ring of Hogem {+Inv rC+ Str+4 Int+7 Dex-3}

@: spider-form (expiring), petrified
A: no armour, no weapons or thrown items, stealth, see invisible, carnivore 3,
slow metabolism 1
a: End Transformation, Lesser Healing, Heal Other, Divine Protection, Renounce
Religion, Evoke Invisibility


You were on level 8 of the Dungeon.
You worshipped Elyvilon.
Elyvilon was pleased with you.
You were completely stuffed.
You were a venomous arachnid creature.
You visited 2 branches of the dungeon, and saw 9 of its levels.

You collected 270 gold pieces.

Inventory:

Missiles
 a - 146 arrows
Jewellery
 t - an uncursed ring of positive energy
 w - the ring of Hogem (right front leg) {+Inv rC+ Str+4 Int+7 Dex-3}
   (You took it off an orc on level 5 of the Dungeon)

   [ring of strength]

   It affects your strength (+4).
   It affects your intelligence (+7).
   It affects your dexterity (-3).
   It protects you from cold.
   It lets you turn invisible.
 A - a ring of stealth (left front leg)
Wands
 s - a wand of acid (8/15)
 x - a wand of digging (12/24)
 B - a wand of disintegration (13/24)
Scrolls
 e - a scroll of fear
 g - 6 scrolls of teleportation
 j - 5 scrolls of remove curse
 m - 3 scrolls of magic mapping
 p - a scroll of amnesia
 v - a scroll of immolation
Potions
 h - a potion of brilliance
 i - 3 potions of might
 k - a potion of berserk rage
 l - 2 potions of resistance {unknown}
 n - 3 potions of heal wounds {unknown}
 o - a potion of cancellation {unknown}
 r - 2 potions of agility
 u - a potion of ambrosia {unknown}
 z - a potion of flight
Books
 b - a book of Changes

   Spells                             Type                      Level
   a - Beastly Appendage              Transmutation                1
   b - Sticks to Snakes               Transmutation                2
   c - Spider Form                    Transmutation/Poison         3
   d - Ice Form                       Ice/Transmutation            4
   e - Blade Hands                    Transmutation                5
 q - a book of Maledictions

   Spells                             Type                      Level
   a - Corona                         Hexes                        1
   b - Ensorcelled Hibernation        Hexes/Ice                    2
   c - Confuse                        Hexes                        3
   d - Tukima's Dance                 Hexes                        3
   e - Dazzling Spray                 Conjuration/Hexes            3
Comestibles
 c - 5 meat rations
 f - 3 royal jellies


   Skills:
 + Level 4.9 Fighting
 - Level 6.0 Dodging
 * Level 9.9 Unarmed Combat
 - Level 2.0 Spellcasting
 + Level 7.3 Transmutations


You had one spell level left.
You knew the following spells:

 Your Spells              Type           Power        Failure   Level  Hunger
a - Beastly Appendage     Tmut           ####..       4%          1    #......
b - Sticks to Snakes      Tmut           ####....     6%          2    ##.....
c - Spider Form           Tmut/Pois      ###.......   28%         3    ###....
d - Ice Form              Ice/Tmut       ###.....     56%         4    #####..


Dungeon Overview and Level Annotations

Branches:
Dungeon (8/15)             Temple (1/1) D:4
   Lair: D:8-11

Altars:
Ashenzari
Cheibriados
Dithmenos
Elyvilon
Fedhas
Gozag
Hepliaklqana
Kikubaaqudgha
Okawaru
Qazlal
Sif Muna
Trog
Uskayaw
Vehumet
Wu Jian
Xom
Yredelemnul
Zin
The Shining One


Innate Abilities, Weirdness & Mutations

You cannot wear armour.
You are incapable of wielding weapons or throwing items.
Your paws allow you to move quietly. (Stealth)
((You have sharp claws.))
((You have razor-sharp teeth.))
You have supernaturally acute eyesight. (SInv)
You are carnivorous and can eat meat at any time.
((You cover ground quickly.))
((You are covered in thick fur. (AC +2)))
You have a slow metabolism.
((Your sharp claws are effective at attacking unaware monsters.))


Message History

The basilisk misses you.
Your limbs are stiffening.
You completely miss the basilisk.
The basilisk is moderately wounded.
The basilisk gazes at you.
You easily resist.
You have turned to stone.
The basilisk gazes at you.
You easily resist.
The basilisk looks more healthy.
The basilisk gazes at you.
You easily resist.
Your transformation is almost over.
The basilisk bites you! The basilisk bites you!
* * * LOW HITPOINT WARNING * * *
The basilisk gazes at you.
You easily resist.
The basilisk bites you!
* * * LOW HITPOINT WARNING * * *
The basilisk bites you!!
You die...

.. .. ..# .#.# ..
... ... .## #.##.#
.!# #.#..# #.#
####..[# #.#
#...)..#
..######.###.....)#
......†.......l<..#
.o............s...#
.?................#
..............#####
........._....#
..#...........# .
#.............
#.........#.#.
.......##.#.#


You could see a basilisk.

Vanquished Creatures
  Pikel (D:6)
  A yak (D:7)
  Menkaure (D:5)
  A sky beast (D:7)
  3 centaurs
  6 bullfrogs
  3 scorpions
  3 killer bees
  5 crimson imps
  A centaur zombie (D:5)
  2 bullfrog zombies
  2 orc priests
  3 hounds
  A jelly (D:6)
  5 orc wizards
  Ijyb (D:5)
  3 iguanas (D:7)
  3 worker ants
  7 adders
  4 gnolls (D:5)
  An ooze (D:1)
  2 adder zombies (D:6)
  5 worms
  5 leopard geckos
  20 orcs
  3 ball pythons
  6 giant cockroaches
  11 goblins
  7 hobgoblins
  6 jackals
  9 kobolds
  A quokka (D:3)
  5 bats
  5 frilled lizards
  A leopard gecko skeleton (D:4)
  A leopard gecko zombie (D:5)
  A quokka skeleton (D:4)
  8 rats
153 creatures vanquished.

Vanquished Creatures (collateral kills)
  An orc warrior (D:7)
  2 ogres (D:4)
  3 adders
  A shadow imp (D:6)
  A ball python (D:6)
8 creatures vanquished.

Vanquished Creatures (others)
  2 slaves (D:6)
  An ogre (D:6)
  A quokka (D:6)
4 creatures vanquished.

Grand Total: 165 creatures vanquished

Notes
Turn   | Place    | Note
-------+----------+-------------------------------------------
     0 | D:1      | Hybris the Felid Transmuter began the quest for the Orb.
     0 | D:1      | Reached XP level 1. HP: 9/9 MP: 4/4
   293 | D:1      | Reached XP level 2. HP: 10/12 MP: 4/6
   531 | D:1      | Learned a level 2 spell: Sticks to Snakes
  1131 | D:2      | Reached XP level 3. HP: 15/15 MP: 5/7
  1449 | D:2      | Reached skill level 4 in Unarmed Combat
  1917 | D:3      | Reached XP level 4. HP: 16/19 MP: 8/8
  2342 | D:3      | Found a blossoming altar of Fedhas.
  2816 | D:3      | Reached XP level 5. HP: 20/22 MP: 7/9
  3893 | D:4      | Found a basalt altar of Yredelemnul.
  3902 | D:4      | Found a glowing golden altar of the Shining One.
  3955 | D:4      | Noticed an ogre
  3955 | D:4      | Noticed an ogre
  4018 | D:4      | Reached skill level 5 in Unarmed Combat
  4026 | D:4      | HP: 1/22 [scorpion (3)]
  4031 | D:4      | Mangled by a scorpion
  4032 | D:4      | Reached XP level 4. HP: -6/19 MP: 8/8
  4260 | D:4      | Killed an ogre
  4260 | D:4      | Reached XP level 5. HP: 22/22 MP: 2/9
  4366 | D:4      | Found a staircase to the Ecumenical Temple.
  4377 | Temple   | Entered the Ecumenical Temple
  4501 | Temple   | Became a worshipper of Elyvilon the Healer
  4772 | D:4      | Killed an ogre
  4965 | D:4      | Learned a level 3 spell: Spider Form
  4982 | D:4      | Noticed an angel
  5014 | D:5      | Entered Level 5 of the Dungeon
  5027 | D:5      | Noticed a centaur
  5036 | D:5      | Killed a centaur
  5036 | D:5      | Reached skill level 5 in Dodging
  5036 | D:5      | Gained mutation: You are covered in thick fur. (AC +2) [Felid growth]
  5036 | D:5      | Reached XP level 6. HP: 22/25 MP: 6/10
  5102 | D:5      | Reached skill level 6 in Unarmed Combat
  5115 | D:5      | Noticed Menkaure
  5635 | D:5      | Found a shattered altar of Ashenzari.
  6228 | D:5      | Killed Menkaure
  6228 | D:5      | Reached XP level 7. HP: 9/28 MP: 8/11
  6763 | D:5      | Noticed Ijyb
  6790 | D:5      | Killed Ijyb
  6790 | D:5      | Reached skill level 7 in Unarmed Combat
  6883 | D:5      | Reached * piety under Elyvilon
  6931 | D:5      | Got a warped ivory ring
  6968 | D:5      | Found an iron altar of Okawaru.
  7024 | D:5      | Found an opulent altar of Gozag.
  7327 | D:6      | Reached skill level 5 in Transmutations
  7433 | D:6      | Found an ornate altar of the Wu Jian Council.
  8125 | D:6      | Reached XP level 8. HP: 18/33 MP: 5/12
  8481 | D:6      | Reached skill level 8 in Unarmed Combat
  8486 | D:6      | Found a glowing silver altar of Zin.
  8733 | D:6      | Identified the ring of Hogem {+Inv rC+ Str+4 Int+7 Dex-3} (You took it off an orc on level 5 of the Dungeon)
  8740 | D:6      | Learned a level 4 spell: Ice Form
  8785 | D:6      | Reached ** piety under Elyvilon
  8998 | D:6      | Noticed Pikel
  9015 | D:6      | Killed Pikel
  9015 | D:6      | Reached skill level 9 in Unarmed Combat
  9419 | D:7      | Found a hazy altar of Hepliaklqana.
  9419 | D:7      | Found a snail-covered altar of Cheibriados.
  9420 | D:7      | Found a shimmering altar of Xom.
  9799 | D:7      | Reached XP level 9. HP: 32/39 MP: 10/13
 10685 | D:8      | Found a radiant altar of Vehumet.
 11243 | D:8      | Noticed a two-headed ogre
 11701 | D:7      | HP: 1/40 [killer bee (5)]
 11702 | D:7      | Succumbed to a killer bee's poison
 11703 | D:7      | Reached XP level 8. HP: -2/36 MP: 10/12
 11842 | D:8      | Slain by a basilisk

Vault maps used:
D:1:      dpeg_arrival_shrine, serial_bayou_lake_a
D:2:      hangedman_abyss_or_decor_lesser_grid
D:3:      fedhas_altar_3
D:4:      grunt_temple_overflow_holy_war, minmay_temple_entry_junction,
          hangedman_minor_gate_pass
D:5:      grunt_gozag_breadcrumbs, marbit_many_paths, first_bread, basic_altar,
          uniq_menkaure, uniq_iyjb
D:6:      nicolae_overflow_crystal_walls, kennysheep_mini_moat, uniq_pikel
D:7:      gammafunk_temple_overflow_claw, minmay_misc_feat_nine_boxes
D:8:      gammafunk_temple_overflow_elements, david_lair_generic, basic_altar
Temple:   nicolae_temple_figure_zero

Skill      XL: |  1  2  3  4  5  6  7  8  9 |
---------------+----------------------------+-----
Dodging        | 3 4 5 6 |  6.0
Unarmed Combat | 4 5 6 7 9 |  9.9
Transmutations | 3 4 5 6 7 |  7.3
Fighting       | 2 4 |  4.9
Spellcasting   | |  2.0

Action                   |  1- 3 |  4- 6 |  7- 9 || total
-------------------------+-------+-------+-------++-------
Melee: Unarmed           |   116 |   159 |   258 ||   533
       Headbutt          |    12 |    13 |    14 ||    39
       Punch             |     5 |     2 |     4 ||    11
       Bite              |     9 |     7 |    10 ||    26
 Cast: Beastly Appendage |    19 |    22 |    19 ||    60
       Sticks to Snakes  |       |    19 |    16 ||    35
       Spider Form       |       |     5 |    23 ||    28
Invok: Lesser Healing    |       |       |     2 ||     2
       Divine Protection |       |       |     1 ||     1
Evoke: Wand              |       |     3 |       ||     3
  Use: Potion            |     5 |     2 |     1 ||     8
       Scroll            |       |     6 |     8 ||    14
 Stab: Sleeping          |     9 |     5 |     1 ||    15
       Distracted        |       |     1 |       ||     1
  Eat: Chunk             |    10 |    14 |    24 ||    48
Armor: Skin              |     5 |     5 |    11 ||    21
Dodge: Dodged            |    86 |   141 |   235 ||   462
